 Dungeon Crawl Stone Soup version 0.29.1-1-gd02db6906a (webtiles) character file.

Game seed: 10742856282031289153

487 Scypho the Carver (level 6, -1/46 (52) HPs)
             Began as a Minotaur Fighter on Sept 23, 2022.
             Slain by a wight
             ... wielding a +3 scimitar
              (12 damage)
             ... on level 3 of the Dungeon.
             The game lasted 00:17:14 (3407 turns).

Scypho the Carver (Minotaur Fighter)                Turns: 3407, Time: 00:17:15

HP:   -1/46 (52)    AC:  9    Str: 20    XL:     6   Next: 89%
MP:   5/5           EV:  9    Int:  7    God:
Gold: 202           SH:  4    Dex: 10    Spells: 5/5 levels left

rFire   . . .      SeeInvis +   a - +0 long sword
rCold   . . .      Faith    .   c - +0 buckler
rNeg    . . .      Spirit   .   b - +0 scale mail
rPois   .          Reflect  .   (helmet restricted)
rElec   .          Harm     .   (no cloak)
rCorr   .          Rampage  .   (no gloves)
Will    +....                   l - +1 pair of boots
Stlth   ..........              (no amulet)
HPRegen 0.15/turn               e - ring of willpower
MPRegen 0.09/turn               m - ring of see invisible

@: heavily drained
A: horns 2, retaliatory headbutt
a: no special abilities


You were on level 3 of the Dungeon.
You visited 1 branch of the dungeon, and saw 4 of its levels.

You collected 202 gold pieces.

Inventory:

Hand Weapons
 a - a +0 long sword (weapon)
Armour
 b - a +0 scale mail (worn)
 c - a +0 buckler (worn)
 k - a +0 plate armour
 l - a +1 pair of boots (worn)
Jewellery
 e - a ring of willpower (left hand)
 m - a ring of see invisible (right hand)
 u - a ring of fire
Scrolls
 h - a scroll of enchant armour
 i - a scroll of noise {unknown}
 o - a scroll of enchant weapon {unknown}
 q - a scroll of fear
 s - a scroll of butterflies {unknown}
 t - a scroll of poison {unknown}
 v - 3 scrolls of teleportation
 w - a scroll of amnesia
Potions
 j - 2 potions of ambrosia {unknown}
 n - a potion of brilliance {unknown}
 p - 3 potions of curing
 r - a potion of attraction {unknown}


   Skills:
 - Level 3.9 Fighting
 + Level 8.6 Long Blades
 - Level 3.9 Armour
 + Level 0.3 Stealth
 - Level 3.8 Shields


You had 5 spell levels left.
You didn't know any spells.
Your spell library was empty.

Dungeon Overview and Level Annotations

Branches:
Dungeon (4/15)
 Temple: D:4-7

Altars:
Fedhas

Annotations:
D:3 exclusion: oklob plant


Innate Abilities, Weirdness & Mutations

You have a pair of horns on your head.
You reflexively headbutt those who attack you in melee.


Message History

The wight hits you with a +2 hand axe.
You feel drained.
You closely miss the wight. Your headbutt misses the wight.
The wight barely misses you.
You barely miss the wight. The wight hits you with a +2 hand axe!
You hit the wight but do no damage. The wight hits you but does no damage.
You hit the wight. You block the wight's attack.
You closely miss the wight. The wight hits you with a +2 hand axe.
You feel drained.
You barely miss the wight.
You headbutt the wight, but do no damage.
The wight barely misses you.
You barely miss the wight. The wight hits you with a +2 hand axe.
* * * LOW HITPOINT WARNING * * *
You feel drained.
* * * LOW HITPOINT WARNING * * *
You hit the wight but do no damage. The wight hits you but does no damage.
You barely miss the wight. You headbutt the wight.
You destroy the wight!
The wight attacks as you move away! You block the wight's attack.
The wight attacks as you move away! The wight completely misses you.
The wight attacks as you move away! The wight barely misses you.
The wight attacks as you move away! The wight hits you with a +3 scimitar!
* * * LOW HITPOINT WARNING * * *
You feel drained. The wight attacks as you move away!
The wight hits you with a +3 scimitar!
* * * LOW HITPOINT WARNING * * *
There is a stone staircase leading up here.
The wight hits you with a +3 scimitar.
* * * LOW HITPOINT WARNING * * *
You climb upwards.
Level annotation: exclusion: oklob plant
There is a stone staircase leading down here.
It was a potion of curing.
You feel better. You block the wight's attack.
You hit the wight. You headbutt the wight. The wight closely misses you.
You hit the wight. The wight hits you with a +3 scimitar.
* * * LOW HITPOINT WARNING * * *
You feel drained.
You closely miss the wight. The wight hits you with a +3 scimitar!
You die...

#<......#†# #P #.......#.########
#P #.#.......##.....# #P
#.##..###.##.###.# ## #.##.##
##.#.# #.# #. ##....# #.#.# #.#
#. ##...#.## ##.#.# #.# #P
##.###...###.##.# #.# #P
#.#####.#...###@# #.# #P
##.#.....##.####z###.###########P
.......#.##.# #.......>........##
###.....###.# #..###.####.##.###.
##÷..## #.# #..# #.# #.##.# #.
##.#####.###..###.####.##.# #P
#####.###.................##.# #P
.....#..........#######.####.# #P
#####.#...####### #.# #.#


P You could see a wight.

Vanquished Creatures
  A steam dragon (D:4)
  Menkaure (D:4)
  2 wights (D:4)
  A hound (D:4)
  3 adders
  A dart slug (D:1)
  6 orcs
  13 ball pythons
  4 endoplasms
  4 giant cockroaches
  5 goblins
  4 hobgoblins
  2 jackals (D:3)
  5 quokkas
  6 bats
  2 frilled lizards
  5 kobolds
  5 rats
70 creatures vanquished.

Notes
Turn   | Place    | Note
-------+----------+-------------------------------------------
     0 | D:1      | Scypho the Minotaur Fighter began the quest for the Orb.
     0 | D:1      | Reached XP level 1. HP: 19/19 MP: 0/0
   451 | D:1      | Reached XP level 2. HP: 27/27 MP: 1/1
   576 | D:1      | Found a faded altar of an unknown god.
   663 | D:1      | Reached skill level 3 in Long Blades
  1156 | D:2      | Reached XP level 3. HP: 33/33 MP: 2/2
  1268 | D:2      | Reached skill level 4 in Long Blades
  1529 | D:2      | You fall into a shaft and drop 2 floors!
  1542 | D:4      | Reached XP level 4. HP: 30/40 MP: 3/3
  1627 | D:4      | Reached skill level 5 in Long Blades
  2432 | D:3      | Found a blossoming altar of Fedhas.
  2454 | D:3      | Noticed an oklob plant
  2878 | D:4      | Noticed Menkaure
  2890 | D:4      | Killed Menkaure
  2891 | D:4      | Reached skill level 7 in Long Blades
  2891 | D:4      | Reached XP level 5. HP: 46/46 MP: 4/4
  3028 | D:4      | Noticed a steam dragon
  3049 | D:4      | Killed a steam dragon
  3050 | D:4      | Reached skill level 8 in Long Blades
  3050 | D:4      | Reached XP level 6. HP: 20/52 MP: 5/5
  3355 | D:4      | Identified the +1 scale mail "Geipoa" {rF++ rC+ Str-3
                  | Stlth+}
  3407 | D:3      | Slain by a wight

Illustrated notes

Levels and vault maps discovered:
D:1:      sevenhm_arrival_forest_fort_small_1, layout_loops_ring,
          shapermc_ecumenical_altar_mp_highgroup, chequers_mini_garden
D:2:      layout_rooms, kennysheep_decorative_pillar, minmay_heptomino_d4,
          uniq_jessica
D:3:      layout_loops_ring, tgw_fedhas
D:4:      layout_loops_ring, uniq_menkaure

Skill      XL: |  1  2  3  4  5 |
---------------+----------------+-----
Long Blades    | 3 4 7 8 |  8.6
Fighting       | |  3.9
Armour         | |  3.9
Stealth        | |  0.3
Shields        | |  3.8

Action                   |  1- 3 |  4- 6 || total
-------------------------+-------+-------++-------
Melee: Long sword        |   123 |   110 ||   233
       Headbutt          |     9 |    16 ||    25
  Use: Scroll            |     3 |     4 ||     7
       Potion            |       |     5 ||     5
Armor: Scale mail        |    64 |    31 ||    95
       Skin              |       |     4 ||     4
Dodge: Dodged            |    53 |    42 ||    95
Block: Buckler           |    31 |    20 ||    51
